 Dungeon Crawl Stone Soup version 0.21.1-1-g345015f (webtiles) character file.

16813 grindst0ne the Infuser (level 12, -3/59 HPs)
             Began as a Deep Elf Conjurer on Feb 24, 2018.
             Was an Elder of Vehumet.
             Slain by a dream sheep (11 damage)
             ... on level 5 of the Lair of Beasts.
             The game lasted 00:58:46 (18697 turns).

grindst0ne the Infuser (Deep Elf Conjurer)         Turns: 18697, Time: 00:58:47

Health: -3/59      AC: 14    Str:  5    XL:     12   Next: 13%
Magic:  17/25      EV: 14    Int: 26    God:    Vehumet [****..]
Gold:   550        SH:  0    Dex: 15    Spells: 2/26 levels left

rFire    + . .     SeeInvis +   N - +8 lance "Wyrmbane" {slay drac, rPois rF+ rC+ AC+3}
rCold    + . .     Gourm    .   (no shield)
rNeg     . . .     Faith    .   r - +1 leather armour {rPois}
rPois    +         Spirit   .   M - +2 hat
rElec    .         Reflect  .   y - +2 cloak
rCorr    .         Harm     .   e - +0 pair of gloves
MR       +....                  G - +0 pair of boots
Stlth    ++........             (no amulet)
HPRegen  0.19/turn              C - ring of see invisible
MPRegen  0.19/turn              s - +3 ring of slaying

@: no status effects
A: no striking features
a: Renounce Religion


You were on level 5 of the Lair of Beasts.
You worshipped Vehumet.
Vehumet was greatly pleased with you.
You were hungry.

You visited 3 branches of the dungeon, and saw 15 of its levels.

You collected 790 gold pieces.
You spent 240 gold pieces at shops.

Inventory:

Hand Weapons
 N - the +8 lance "Wyrmbane" (weapon) {slay drac, rPois rF+ rC+ AC+3}
   (You found it on level 3 of the Lair of Beasts)

   It affects your AC (+3).
   It protects you from fire.
   It protects you from cold.
   It protects you from poison.
Armour
 e - a +0 pair of gloves (worn)
 r - a +1 leather armour of poison resistance (worn)
 y - a +2 cloak (worn)
 G - a +0 pair of boots (worn)
 M - a +2 hat (worn)
Jewellery
 s - a +3 ring of slaying (right hand)
 C - a ring of see invisible (left hand)
Wands
 a - a wand of polymorph (11)
 p - a wand of random effects (46)
 F - a wand of iceblast (10)
 H - a wand of paralysis (15)
Scrolls
 d - 2 scrolls of fog
 g - 4 scrolls of enchant weapon
 h - 6 scrolls of teleportation
 j - 4 scrolls of magic mapping
 o - 4 scrolls of amnesia
 q - a scroll of holy word {unknown}
 w - 2 scrolls of silence {unknown}
 x - 3 scrolls of enchant armour
 B - a scroll of random uselessness {unknown}
 I - 3 scrolls of remove curse
Potions
 m - 3 potions of curing
 n - a potion of haste
 t - 5 potions of brilliance
 u - 2 potions of might
 v - a potion of invisibility
 A - a potion of cancellation
 D - a potion of mutation
 L - 3 potions of flight
Books
 b - a book of Conjurations

   Spells                             Type                      Level
   a - Magic Dart                     Conjuration                  1
   b - Searing Ray                    Conjuration                  2
   c - Dazzling Spray                 Conjuration/Hexes            3
   d - Fulminant Prism                Conjuration/Hexes            4
   e - Force Lance                    Conjuration/Translocation    4
   f - Iskenderun's Mystic Blast      Conjuration                  4
 f - a book of Cantrips

   Spells                             Type                      Level
   a - Confusing Touch                Hexes                        1
   b - Animate Skeleton               Necromancy                   1
   c - Summon Small Mammal            Summoning                    1
   d - Apportation                    Translocation                1
 k - a book of Maledictions

   Spells                             Type                      Level
   a - Corona                         Hexes                        1
   b - Ensorcelled Hibernation        Hexes/Ice                    2
   c - Confuse                        Hexes                        3
   d - Tukima's Dance                 Hexes                        3
   e - Dazzling Spray                 Conjuration/Hexes            3
 z - a book of Enchantments

   Spells                             Type                      Level
   a - Cause Fear                     Hexes                        4
   b - Yara's Violent Unravelling     Hexes/Transmutation          5
   c - Silence                        Hexes/Air                    5
   d - Deflect Missiles               Charms/Air                   6
   e - Discord                        Hexes                        8
 K - a book of Callings

   Spells                             Type                      Level
   a - Summon Small Mammal            Summoning                    1
   b - Call Imp                       Summoning                    2
   c - Call Canine Familiar           Summoning                    3
   d - Summon Guardian Golem          Hexes/Summoning              3
   e - Summon Lightning Spire         Summoning/Air                4
   f - Summon Ice Beast               Ice/Summoning                4
Comestibles
 c - 33 rations
 l - 4 chunks of flesh


   Skills:
 - Level 5.0 Dodging
 - Level 2.4 Stealth
 + Level 7.6 Spellcasting
 - Level 11.0 Conjurations
 + Level 12.9 Charms
 + Level 1.7 Summonings
 - Level 9.1 Translocations
 - Level 9.0 Air Magic
 - Level 6.0 Evocations


You had 2 spell levels left.
You knew the following spells:

 Your Spells              Type           Power        Failure   Level  Hunger
a - Magic Dart            Conj           ####         1%          1    None
b - Iskenderun's Mystic   Conj           ######..     1%          4    ##.....
c - Force Lance           Conj/Tloc      ######..     1%          4    ##.....
d - Animate Skeleton      Necr           N/A          10%         1    None
e - Deflect Missiles      Chrm/Air       ######....   16%         6    ######.
f - Airstrike             Air            ######....   1%          4    ##.....
g - Summon Lightning Spi  Summ/Air       #####...     11%         4    ##.....


Dungeon Overview and Level Annotations

Branches:
Dungeon (9/15)             Temple (1/1) D:4            Lair (5/6) D:9
  Swamp (0/4) Lair:2       Spider (0/4) Lair:3
  Slime: Lair:5-6       Orc: D:9-12

Altars:
Ashenzari
Cheibriados
Dithmenos
Elyvilon
Fedhas
Gozag
Hepliaklqana
Kikubaaqudgha
Makhleb
Nemelex Xobeh
Okawaru
Qazlal
Ru
Sif Muna
Trog
Uskayaw
Vehumet
Wu Jian
Xom
Yredelemnul
Zin
The Shining One
Lugonu

Shops:
D:7 !   D:9 (

Annotations:
Lair:1 exclusion: downstairs
Lair:4 exclusion: downstairs
Lair:5 exclusion: 3 oklob plants


Message History

Aim: a dream sheep The lance of force misses the dream sheep.
The lance of force hits the dream sheep.
You kill the dream sheep!
Vehumet accepts your kill.
You feel your power returning. The dream sheep closely misses you.
You feel better.
The dream sheep bites you but does no damage.
You hit the dream sheep.
You kill the dream sheep!
Vehumet accepts your kill.
You feel your power returning.
The dream sheep shake their wool and sparkle.
You feel drowsy...
You fall asleep.
The dream sheep barely misses you. The dream sheep bites you!!
You wake up.
* * * LOW HITPOINT WARNING * * *
You feel better. The dream sheep bites you.
* * * LOW HITPOINT WARNING * * *
The dream sheep bites you!
You die...

...............#
...............#
...............##
.P..............#
...............#
...............#
...............##
.......#.......Y##
...............#@#
PP.#...###P##.YY.#
######## ####.#.##
#####


You could see 3 dream sheep.

Vanquished Creatures
  Gastronok (Lair:2)
  A hydra (Lair:3)
  Sonja (Lair:2)
  A black mamba (Lair:5)
  3 spiny frogs
  3 komodo dragons
  A rime drake (Lair:3)
  3 polar bears
  Prince Ribbit (D:7)
  Grinder (D:6)
  5 hippogriffs
  3 dream sheep (Lair:5)
  Sigmund (D:6)
  2 spriggans
  5 yaks (Lair:2)
  2 wyverns
  2 basilisks
  Menkaure (D:4)
  2 hungry ghosts
  8 water moccasins
  4 porcupines
  An orc warrior (D:7)
  7 black bears
  A necrophage (D:9)
  5 ogres
  3 centaurs
  7 wolves
  5 crocodiles
  3 big kobolds
  13 bullfrogs
  4 scorpions
  A water moccasin skeleton (D:8)
  16 killer bees
  5 wights (D:7)
  A howler monkey (D:7)
  A crimson imp (D:8)
  A quasit (D:8)
  A bullfrog zombie (D:5)
  6 hounds
  An orc priest (D:8)
  3 jellies
  A bullfrog skeleton (D:4)
  Crazy Yiuf (D:7)
  Natasha (thrice) (D:3)
  An iguana (D:7)
  A centaur skeleton (D:5)
  7 orc wizards
  12 worker ants
  3 gnolls
  11 adders
  A shadow imp (D:9)
  3 adder zombies
  4 worms
  4 dart slugs
  4 leopard geckos
  25 orcs
  A ball python (D:1)
  8 bats
  3 giant cockroaches
  7 goblins
  7 hobgoblins
  12 jackals
  2 quokkas
  6 frilled lizards
  A giant cockroach zombie (D:6)
  2 hobgoblin zombies (D:8)
  18 kobolds
  2 kobold skeletons (D:8)
  2 leopard gecko skeletons
  2 leopard gecko zombies
  An orc skeleton (D:8)
  2 orc zombies (D:8)
  A quokka skeleton (D:7)
  3 rats
297 creatures vanquished.

Vanquished Creatures (collateral kills)
  A komodo dragon (Lair:3)
  A polar bear (Lair:3)
  A hippogriff (Lair:5)
  A basilisk (Lair:3)
4 creatures vanquished.

Vanquished Creatures (others)
  5 fungi
  5 plants
10 creatures vanquished.

Grand Total: 311 creatures vanquished

Notes
Turn   | Place    | Note
-------+----------+-------------------------------------------
     0 | D:1      | grindst0ne the Deep Elf Conjurer began the quest for the Orb.
     0 | D:1      | Reached XP level 1. HP: 10/10 MP: 6/6
    84 | D:1      | Reached XP level 2. HP: 15/15 MP: 1/8
   646 | D:1      | Reached skill level 5 in Conjurations
   653 | D:1      | Reached XP level 3. HP: 19/19 MP: 6/10
  1198 | D:2      | Found a white marble altar of Elyvilon.
  1252 | D:2      | Reached XP level 4. HP: 19/24 MP: 6/12
  1576 | D:2      | Found a basalt altar of Yredelemnul.
  2188 | D:3      | Reached XP level 5. HP: 28/28 MP: 8/13
  2232 | D:3      | Noticed Natasha
  2241 | D:3      | Killed Natasha
  2311 | D:3      | Noticed Natasha
  2314 | D:3      | Killed Natasha
  2746 | D:3      | Noticed Natasha
  2758 | D:3      | Killed Natasha
  3076 | D:4      | Learned a level 4 spell: Iskenderun's Mystic Blast
  3122 | D:4      | Found a hazy altar of Hepliaklqana.
  3147 | D:4      | Reached XP level 6. HP: 22/32 MP: 2/14
  3250 | D:4      | Noticed Menkaure
  3282 | D:4      | Killed Menkaure
  3282 | D:4      | Reached skill level 5 in Dodging
  3528 | D:4      | Found a glowing silver altar of Zin.
  3656 | D:4      | Found a staircase to the Ecumenical Temple.
  3665 | Temple   | Entered the Ecumenical Temple
  3711 | Temple   | Became a worshipper of Vehumet
  3779 | D:4      | Reached XP level 7. HP: 32/36 MP: 7/15
  3864 | D:4      | Learned a level 4 spell: Force Lance
  4286 | D:5      | Entered Level 5 of the Dungeon
  4430 | D:5      | Reached skill level 1 in Translocations
  4472 | D:5      | Found a hide-covered altar of Uskayaw.
  4889 | D:5      | Noticed a troll
  5994 | D:6      | Noticed Sigmund
  6000 | D:6      | Killed Sigmund
  6000 | D:6      | Reached * piety under Vehumet
  6000 | D:6      | Offered knowledge of Shock by Vehumet.
  6000 | D:6      | Reached XP level 8. HP: 41/41 MP: 7/16
  6003 | D:6      | Noticed Grinder
  6089 | D:6      | Killed Grinder
  6089 | D:6      | Reached skill level 5 in Translocations
  6249 | D:6      | Found a snail-covered altar of Cheibriados.
  6479 | D:6      | Found a shattered altar of Ashenzari.
  6551 | D:6      | Found a stormy altar of Qazlal.
  6674 | D:6      | Found a sacrificial altar of Ru.
  6764 | D:7      | Noticed Prince Ribbit
  7069 | D:7      | Killed Prince Ribbit
  7069 | D:7      | Reached skill level 10 in Conjurations
  7325 | D:7      | Found Calyucli's Distillery.
  7381 | D:7      | Reached XP level 9. HP: 45/45 MP: 4/17
  7766 | D:7      | Learned a level 1 spell: Animate Skeleton
  7821 | D:7      | Reached skill level 5 in Spellcasting
  7850 | D:7      | Offered knowledge of Throw Flame by Vehumet.
  7968 | D:7      | Reached ** piety under Vehumet
  8303 | D:7      | Found a runed door.
  8307 | D:7      | Noticed Crazy Yiuf
  8309 | D:7      | Killed Crazy Yiuf
  9045 | D:8      | Learned a level 6 spell: Deflect Missiles
  9131 | D:8      | Reached skill level 1 in Charms
  9131 | D:8      | Reached skill level 1 in Air Magic
  9151 | D:8      | Found a deep blue altar of Sif Muna.
  9161 | D:8      | Reached skill level 2 in Charms
  9392 | D:8      | Found a glowing golden altar of the Shining One.
  9437 | D:8      | Offered knowledge of Throw Frost by Vehumet.
  9548 | D:8      | Reached skill level 3 in Charms
  9551 | D:8      | Reached XP level 10. HP: 28/50 MP: 9/22
  9766 | D:8      | Found a bloodstained altar of Trog.
 10095 | D:8      | Reached skill level 4 in Charms
 10603 | D:9      | Found a staircase to the Lair.
 10646 | D:9      | Reached *** piety under Vehumet
 10646 | D:9      | Reached skill level 5 in Charms
 10949 | D:9      | Reached skill level 6 in Charms
 11014 | D:9      | Found Nuge's Antique Weapon Shop.
 11274 | D:9      | Found a blossoming altar of Fedhas.
 11276 | D:9      | Found an ancient bone altar of Kikubaaqudgha.
 11372 | D:9      | Bought a crude short sword for 240 gold pieces
 11372 | D:9      | Identified the +10 short sword of Responsibility {freeze, +Inv rPois Int-4} (You bought it in a shop on level 9 of the Dungeon)
 11404 | D:9      | Reached skill level 7 in Charms
 11546 | D:9      | Found an ornate altar of the Wu Jian Council.
 11731 | Lair:1   | Entered Level 1 of the Lair of Beasts
 11916 | Lair:1   | Reached skill level 5 in Air Magic
 12113 | Lair:1   | Offered knowledge of Airstrike by Vehumet.
 12213 | Lair:1   | Learned a level 4 spell: Airstrike
 12254 | Lair:1   | Reached skill level 1 in Evocations
 12595 | Lair:1   | Reached skill level 8 in Charms
 13187 | Lair:2   | Found a staircase to the Swamp.
 13821 | Lair:2   | Reached XP level 11. HP: 46/54 MP: 0/23
 13850 | Lair:2   | Learned a level 4 spell: Summon Lightning Spire
 14000 | Lair:2   | Reached skill level 9 in Charms
 14094 | Lair:2   | Noticed Sonja
 14098 | Lair:2   | Killed Sonja
 14613 | Lair:2   | Noticed Gastronok
 15073 | Lair:2   | Killed Gastronok
 15073 | Lair:2   | Reached skill level 10 in Charms
 15073 | Lair:2   | Reached skill level 5 in Evocations
 15422 | Lair:3   | Reached **** piety under Vehumet
 15602 | Lair:3   | Noticed an eight-headed hydra
 15611 | Lair:3   | Killed an eight-headed hydra
 15906 | Lair:3   | Found the +8 lance "Wyrmbane" {slay drac, rPois rF+ rC+ AC+3}
 15943 | Lair:3   | Reached skill level 11 in Charms
 15958 | Lair:3   | Offered knowledge of Irradiate by Vehumet.
 16462 | Lair:3   | Found a hole to the Spider Nest.
 17124 | Lair:3   | Reached skill level 12 in Charms
 17755 | Lair:4   | Reached XP level 12. HP: 59/59 MP: 9/24
 18447 | Lair:5   | Noticed an eight-headed hydra
 18447 | Lair:5   | Noticed a death yak
 18624 | Lair:5   | Reached skill level 1 in Summonings
 18696 | Lair:5   | HP: 2/59 [dream sheep (19)]
 18697 | Lair:5   | Slain by a dream sheep

Skill      XL: |  1  2  3  4  5  6  7  8  9 10 11 12 |
---------------+-------------------------------------+-----
Spellcasting   | 4 7 |  7.6
Conjurations   | 5 6 7 8 9 10 11 | 11.0
Dodging        | 4 5 |  5.0
Translocations | 4 6 8 9 |  9.1
Charms         | 3 8 12 | 12.9
Air Magic      | 2 6 9 |  9.0
Evocations     | 3 6 |  6.0
Summonings     | 1 |  1.7
Stealth        | |  2.4

Action                   |  1- 3 |  4- 6 |  7- 9 | 10-12 || total
-------------------------+-------+-------+-------+-------++-------
Melee: Unarmed           |       |       |     4 |       ||     4
       Lance             |       |       |       |     5 ||     5
 Cast: Magic Dart        |    71 |   125 |   282 |   411 ||   889
       Iskenderun's Myst |       |     4 |    18 |    31 ||    53
       Force Lance       |       |       |    42 |   129 ||   171
       Animate Skeleton  |       |       |     1 |     2 ||     3
       Summon Lightning  |       |       |       |    11 ||    11
Evoke: Wand              |       |       |     4 |     1 ||     5
  Use: Potion            |       |     1 |     3 |    11 ||    15
       Scroll            |       |       |     9 |    14 ||    23
  Eat: Chunk             |     1 |     7 |    18 |    24 ||    50
       Ration            |       |       |     2 |     5 ||     7
Armor: Robe              |       |     1 |       |       ||     1
       Leather armour    |       |     1 |    40 |   114 ||   155
Dodge: Dodged            |     8 |    25 |   137 |   283 ||   453
